 Dungeon Crawl Stone Soup version 0.29.1-2-gbd0b4ee654 (webtiles) character file.

Game seed: 4399927935853019788

20203 RascalDebosk the Thaumaturge (level 13, -7/97 HPs)
             Began as a Djinni Conjurer on Oct 27, 2022.
             Was an Initiate of Ashenzari.
             Mangled by Fannar
             ... wielding a +0 quarterstaff of freezing
              (24 damage)
             ... on level 12 of the Dungeon.
             The game lasted 02:27:19 (20334 turns).

RascalDebosk the Thaumaturge (Djinni Conjurer)     Turns: 20334, Time: 02:27:19

Health: -7/97      AC: 14    Str:  6    XL:     13   Next: 10%
Gold:   676        EV: 15    Int: 24    God:    Ashenzari [......] SH:  0 Dex: 23

rFire   + + +      SeeInvis .   h - +9 quarterstaff of Kyrotwir {antimagic, rF+}
rCold   x . .      Faith    .   (shield currently unavailable)
rNeg    . . .      Spirit   .   S - +0 steam dragon scales
rPois   ∞          Reflect  .   M - +0 helmet
rElec   .          Harm     .   l - +0 cloak
rCorr   +          Rampage  .   K - +1 pair of gloves of the Insatiable Priests {rCorr Dex+4}
Will    +....                   (boots unavailable)
Stlth   +++.......              (no amulet)
HPRegen 0.26/turn               H - +6 ring of dexterity
MPRegen 0.00/turn               A - +4 ring of protection

@: flying, studying Invocations
A: sickness immunity, fire resistance 2, cold vulnerability 1, float, innate
caster, HP casting, extra vitality 1
a: Renounce Religion, Curse Item


You were on level 12 of the Dungeon.
You worshipped Ashenzari.
Ashenzari was noncommittal.
You visited 2 branches of the dungeon, and saw 13 of its levels.
You also visited: Sewer, Ossuary and Bailey.

You collected 676 gold pieces.

Inventory:

Hand Weapons
 h - the +9 quarterstaff of Kyrotwir (weapon) {antimagic, rF+}
   (You found it on level 4 of the Dungeon)

   It reduces the magical energy of the wielder, and disrupts the spells and
   magical abilities of those it strikes.
   Natural abilities and divine invocations are not affected.
   rF:        It protects you from fire.
 k - a +2 vorpal falchion
 R - a +7 scimitar of protection
Armour
 l - a +0 cloak (worn)
 K - the +1 pair of gloves of the Insatiable Priests (worn) {rCorr Dex+4}
   (You found it on level 6 of the Dungeon)

   Dex:       It affects your dexterity (+4).
   rCorr:     It protects you from acid and corrosion.
 M - a +0 helmet (worn)
 S - +0 steam dragon scales (worn)
Magical Staves
 p - a staff of death
 F - a staff of conjuration
Jewellery
 o - a ring of see invisible
 A - a +4 ring of protection (right hand)
 E - a ring of wizardry
 H - a +6 ring of dexterity (left hand)
 O - a ring of willpower
Wands
 m - a wand of digging (6)
 q - a wand of light (13)
 r - a wand of iceblast (10)
 u - a wand of charming (17)
 z - a wand of mindburst (10)
 I - a wand of flame (22)
Scrolls
 a - a scroll of enchant armour {unknown}
 c - 5 scrolls of butterflies
 f - a scroll of vulnerability
 g - 4 scrolls of blinking
 i - 2 scrolls of identify
 t - 9 scrolls of teleportation
 v - 2 scrolls of silence
 x - a scroll of fear {unknown}
 y - a scroll of poison {unknown}
 J - a scroll of magic mapping {unknown}
 Q - a scroll of immolation
Potions
 b - a potion of cancellation {unknown}
 d - 22 potions of degeneration
 e - 2 potions of attraction
 j - 3 potions of berserk rage
 n - 10 potions of curing
 s - 8 potions of might
 w - 2 potions of heal wounds
 B - 3 potions of haste
 C - 2 potions of flight {unknown}
 D - 2 potions of lignification {unknown}
 G - 4 potions of resistance
 L - a potion of ambrosia {unknown}
 N - 2 potions of mutation
 P - a potion of brilliance


   Skills:
 + Level 10.5 Fighting
 - Level 4.0 Armour
 - Level 5.0 Dodging
 - Level 5.0 Stealth
 * Level 12.4 Spellcasting
 - Level 5.0 Evocations


You had 4 spell levels left.
You knew the following spells:

 Your Spells              Type           Power      Damage    Failure   Level
a - Magic Dart            Conj           100%       1d8       1%          1
b - Searing Ray           Conj           100%       2d8       1%          2
c - Dazzling Flash        Conj/Hex       100%       N/A       1%          3
d - Fulminant Prism       Conj/Hex       32%        3d16      1%          4
e - Iskenderun's Mystic   Conj/Tloc      65%        2d13      1%          4
f - Necrotise             Necr           100%       1d9       1%          1
g - Blink                 Tloc           100%       N/A       1%          2
h - Poisonous Vapours     Pois/Air       100%       N/A       1%          2
i - Tukima's Dance        Hex            65%        N/A       1%          3
j - Irradiate             Conj/Tmut      32%        3d22      1%          5
k - Summon Mana Viper     Hex/Summ       65%        N/A       1%          5
Your spell library was empty.

Dungeon Overview and Level Annotations

Branches:
Dungeon (12/15)            Temple (1/1) D:4            Lair (0/5) D:10
    Orc (0/2) D:10          Sewer (visited)         Ossuary (visited)
 Bailey (visited)

Altars:
Ashenzari
Cheibriados
Dithmenos
Elyvilon
Fedhas
Gozag
Hepliaklqana
Makhleb
Nemelex Xobeh
Okawaru
Qazlal
Ru
Trog
Uskayaw
Wu Jian
Xom
Yredelemnul
Zin
The Shining One

Shops:
D:7 (   D:8 [

Annotations:
D:12 1 exclusion, Fannar


Innate Abilities, Weirdness & Mutations

You are immune to sickness and miasma.
You are immune to poison.
Your flesh is very heat resistant. (rF++)
You are vulnerable to cold. (rC-)
You float through the air rather than walking.
You learn spells naturally, not from books.
Your magical power is your life essence.
You have superior vitality. (+4 MHP)


Message History

The mystic blast hits the ogre.
The ogre is lightly wounded.
The ogre is knocked back by the mystic blast.
The ogre slams into the rock wall!
The ogre is heavily wounded.
Casting: Iskenderun's Mystic Blast (safe; 1% risk of failure)
Confirm with . or Enter, or press ? or * to list all spells.
Aiming: Tukima's Dance (safe; 1% risk of failure)
Press: ? - help, Shift-Dir - straight line, f - ogre
Aim: an ogre, wielding a +0 giant spiked club (heavily wounded, chance to affect: 77%)
The +0 giant spiked club dances into the air!
The ogre hits you but does no damage.
Casting: Tukima's Dance (safe; 1% risk of failure)
Confirm with . or Enter, or press ? or * to list all spells.
Aiming: Tukima's Dance (safe; 1% risk of failure)
Press: ? - help, Shift-Dir - straight line, f - ogre, p - ogre
Aim: an ogre, wielding a +0 giant spiked club (heavily wounded, chance to affect: 77%)
The ogre barely resists.
The ogre hits you but does no damage. The ogre closely misses you.
Casting: Tukima's Dance (safe; 1% risk of failure)
Confirm with . or Enter, or press ? or * to list all spells.
You erupt in a blast of force!
The mystic blast hits the ogre!
The ogre is almost dead.
The ogre is knocked back by the mystic blast.
The ogre slams into the rock wall!
You kill the ogre!
The mystic blast hits the ogre!
The ogre is almost dead.
The ogre is knocked back by the mystic blast.
The ogre collides with your +0 giant spiked club!
You kill the ogre!
A +0 giant spiked club is nearby!
The +0 giant spiked club falls from the air.
Fannar the Cold-Hearted comes into view.
They are wielding a +0 quarterstaff of freezing and wearing a +2 robe of cold resistance.
Things that are here:
a +0 giant club; a +0 giant club; an ogre corpse
Casting: Iskenderun's Mystic Blast (safe; 1% risk of failure)
Confirm with . or Enter, or press ? or * to list all spells.
Okay, then.
Press: ? - help, v - describe, . - travel
Here: Fannar, wielding a +0 quarterstaff of freezing, wearing a +2 robe of cold resistance and wearing a ring of ice (wandering, hasn't noticed you)
The floor.
Casting: Iskenderun's Mystic Blast (safe; 1% risk of failure)
Confirm with . or Enter, or press ? or * to list all spells.
Aiming: Poisonous Vapours (safe; 1% risk of failure)
Press: ? - help, Dir - move target, f - Fannar
Aim: Fannar, wielding a +0 quarterstaff of freezing, wearing a +2 robe of cold resistance and wearing a ring of ice (wandering, hasn't noticed you) Poisonous vapours surround Fannar!
Fannar looks as sick as possible!
Fannar shouts!
Fannar glares icily.
Fannar mumbles some strange words.
Casting: Poisonous Vapours (safe; 1% risk of failure)
Confirm with . or Enter, or press ? or * to list all spells.
Aiming: Poisonous Vapours (safe; 1% risk of failure)
Press: ? - help, Dir - move target, f/p - Fannar
Aim: Fannar, wielding a +0 quarterstaff of freezing, wearing a +2 robe of cold resistance and wearing a ring of ice (lightly wounded, extremely poisoned) Poisonous vapours surround Fannar!
Fannar looks as sick as possible!
Your +7 scimitar of protection goes still.
You feel a force failing to suppress your magic.
h - the +9 quarterstaff of Kyrotwir (weapon)
{antimagic, rF+} You hit Fannar.
Fannar's magic leaks into the air.
Fannar is lightly wounded.
You closely miss the ice beast.
Fannar's magic is no longer disrupted.
The ice beast hits you. The ice beast freezes you!!
You feel a terrible chill!
* * * LOW HITPOINT WARNING * * *
Things that are here:
a +0 dire flail; 497 gold pieces; the ogre corpse of Lodul Fannar attacks as you move away!
Fannar closely misses you.
Fannar casts a spell.
You see here a +0 giant club.
Fannar mumbles some strange words.
Casting: Poisonous Vapours (safe; 1% risk of failure)
Confirm with . or Enter, or press ? or * to list all spells.
You erupt in a blast of force!
The mystic blast hits the ice beast.
The ice beast is lightly wounded.
The ice beast is knocked back by the mystic blast.
* * * LOW HITPOINT WARNING * * *
Casting: Iskenderun's Mystic Blast (safe; 1% risk of failure)
Confirm with . or Enter, or press ? or * to list all spells.
Aiming: Poisonous Vapours (safe; 1% risk of failure)
Press: ? - help, Dir - move target, f/p - Fannar
Aim: Fannar, wielding a +0 quarterstaff of freezing, wearing a +2 robe of cold resistance and wearing a ring of ice (heavily wounded, very poisoned) Poisonous vapours surround Fannar!
Fannar looks as sick as possible!
* * * LOW HITPOINT WARNING * * *
The ice beast attacks as you move away!
The ice beast hits you but does no damage.
Casting: Poisonous Vapours (safe; 1% risk of failure)
Confirm with . or Enter, or press ? or * to list all spells.
You erupt in a blast of force!
The mystic blast hits the ice beast!
The ice beast is heavily wounded.
The ice beast is knocked back by the mystic blast.
* * * LOW HITPOINT WARNING * * *
Fannar gestures wildly while chanting.
Fannar drains the heat from the surrounding environment!
You feel a terrible chill!
* * * LOW HITPOINT WARNING * * *
Fannar casts a spell.
Fannar drains the heat from the surrounding environment!
You feel a terrible chill!
You die...

#... #.# #...# #
#... #Y# #...# #
#... #e# #...# #
#... #.# #...# #
#... #.# #...# #
#Y# #...# # #Y#
#...# #.# #...#
#@# #...# #.#
#...# #)# #...#
#.# #...# #.#
#...# #.#
#...#####
#.########........
#..............(..
#.#########.......


You could see Fannar (very poisoned) and 3 ice beasts.

Vanquished Creatures
  An orc warlord (Bailey)
  Josephine (D:10)
  A hydra (D:12)
  Lodul (D:12)
  2 orc knights (Bailey)
  A manticore (D:11)
  A cyclops (D:11)
  Maurice (D:8)
  Psyche (D:8)
  An unseen horror (D:12)
  A kobold demonologist (D:10)
  3 trolls
  2 hornets
  Sigmund (D:4)
  A shadow (D:11)
  22 yaks
  3 wraiths (D:10)
  A wyvern (D:8)
  4 vampire mosquitoes (D:12)
  A steam dragon (D:9)
  Menkaure (D:4)
  Edmund (D:5)
  2 acid dragons (D:9)
  A swamp drake (D:10)
  A black bear (D:10)
  15 orc warriors
  A sky beast (D:6)
  9 centaurs
  11 ogres
  5 phantoms
  Blork the orc (D:4)
  4 kobold brigands
  A necrophage (D:5)
  9 bullfrogs
  2 scorpions
  8 wights
  14 killer bees
  11 howler monkeys
  A hound (D:4)
  7 jellies
  A human zombie (Ossuary)
  11 orc priests
  A gnoll bouda (D:8)
  8 orc wizards
  Ijyb (D:4)
  7 iguanas
  4 mummies (Ossuary)
  9 gnolls
  13 adders
  2 river rats (D:3)
  A shadow imp (D:5)
  3 white imps
  An ufetubus (D:5)
  7 worms
  2 dart slugs
  42 orcs
  7 endoplasms
  10 giant cockroaches
  21 goblins
  14 hobgoblins
  6 jackals (D:4)
  5 quokkas
  15 ball pythons
  3 bats
  11 frilled lizards
  3 goblin zombies (Ossuary)
  A hobgoblin zombie (Ossuary)
  16 kobolds
  A kobold zombie (Ossuary)
  2 orc zombies (Ossuary)
  12 rats
  A fulminant prism (D:8)
396 creatures vanquished.

Vanquished Creatures (collateral kills)
  An orc knight (Bailey)
  2 orc warriors
  A kobold brigand (D:10)
  A necrophage (D:8)
  2 killer bees (D:8)
  2 gnolls (Bailey)
  7 orcs
  3 goblins (Bailey)
  2 hobgoblins (Bailey)
  5 kobolds (D:10)
26 creatures vanquished.

Vanquished Creatures (others)
  3 dancing weapons
  49 fulminant prisms
  25 fungi (D:10)
  15 plants (D:10)
92 creatures vanquished.

Grand Total: 514 creatures vanquished

Notes
Turn   | Place    | Note
-------+----------+-------------------------------------------
     0 | D:1      | RascalDebosk the Djinni Conjurer began the quest for the
                  | Orb.
     0 | D:1      | RascalDebosk set off with the following spells memorised:
                  | Magic Dart, Searing Ray, Dazzling Flash, Fulminant Prism,
                  | Iskenderun's Mystic Blast.
     0 | D:1      | Reached XP level 1. HP: 15/15 MP: 0/0
   347 | D:1      | Reached XP level 2. HP: 18/21 MP: 0/0
  1247 | D:2      | Found a faded altar of an unknown god.
  1289 | D:2      | Reached XP level 3. HP: 17/25 MP: 0/0
  1289 | D:2      | Learned a level 1 spell: Necrotise
  1609 | D:2      | Reached skill level 4 in Spellcasting
  1978 | D:2      | Reached XP level 4. HP: 29/31 MP: 0/0
  2575 | D:3      | Reached XP level 5. HP: 16/36 MP: 0/0
  2575 | D:3      | Learned a level 2 spell: Blink
  2639 | D:3      | Reached skill level 1 in Fighting
  2986 | D:3      | Found a glowing drain.
  2993 | Sewer    | Entered a sewer
  3619 | Sewer    | Noticed a bullfrog
  3619 | Sewer    | Noticed a bullfrog
  3623 | Sewer    | Killed a bullfrog
  3624 | Sewer    | Reached skill level 5 in Spellcasting
  3624 | Sewer    | Reached XP level 6. HP: 14/43 MP: 0/0
  5254 | D:4      | Noticed Sigmund
  5258 | D:4      | Killed Sigmund
  5259 | D:4      | Reached XP level 7. HP: 41/49 MP: 0/0
  5259 | D:4      | Learned a level 2 spell: Poisonous Vapours
  5506 | D:4      | Found a staircase to the Ecumenical Temple.
  5511 | D:4      | Identified the +9 quarterstaff of Kyrotwir {antimagic, rF+}
  5530 | Temple   | Entered the Ecumenical Temple
  6377 | D:4      | Reached XP level 8. HP: 37/56 MP: 0/0
  6381 | D:4      | Reached skill level 6 in Spellcasting
  6554 | D:4      | Found a glowing silver altar of Zin.
  6583 | D:4      | Noticed Ijyb
  6590 | D:4      | Killed Ijyb
  6983 | D:4      | Noticed Blork the orc
  6988 | D:4      | Killed Blork the orc
  7339 | D:4      | Noticed Menkaure
  7345 | D:4      | Killed Menkaure
  7494 | D:5      | Entered Level 5 of the Dungeon
  7495 | D:5      | Noticed Edmund
  7501 | D:5      | Killed Edmund
  8096 | D:5      | Reached XP level 9. HP: 36/63 MP: 0/0
  8096 | D:5      | Learned a level 3 spell: Tukima's Dance
  8413 | D:5      | Reached skill level 7 in Spellcasting
  8505 | D:5      | Found an opulent altar of Gozag.
  8921 | D:5      | Reached skill level 5 in Fighting
  8921 | D:5      | Reached skill level 5 in Stealth
  9203 | D:6      | Reached skill level 1 in Armour
  9985 | D:6      | Identified the +1 pair of gloves of the Insatiable Priests
                  | {rCorr Dex+4}
 10006 | D:6      | Reached skill level 8 in Spellcasting
 10468 | D:7      | Found Lant's Antique Weapon Boutique.
 10538 | D:7      | Reached XP level 10. HP: 64/72 MP: 0/0
 10683 | D:7      | Found a sand-covered staircase.
 10688 | Ossuary  | Entered an ossuary
 11740 | D:8      | Reached skill level 9 in Spellcasting
 11982 | D:8      | Noticed Maurice
 11993 | D:8      | Killed Maurice
 11994 | D:8      | Reached skill level 1 in Evocations
 12073 | D:8      | Found Popat's Antique Armour Shoppe.
 12373 | D:8      | Noticed Psyche
 12376 | D:8      | Killed Psyche
 12377 | D:8      | Reached XP level 11. HP: 71/79 MP: 0/0
 12377 | D:8      | Learned a level 5 spell: Irradiate
 13007 | D:9      | Found a burning altar of Makhleb.
 13009 | D:9      | Found a broken altar of Ashenzari.
 13011 | D:9      | Found a sacrificial altar of Ru.
 13014 | D:9      | Found a glowing golden altar of the Shining One.
 13017 | D:9      | Became a worshipper of Ashenzari the Shackled
 13041 | D:9      | Found a white marble altar of Elyvilon.
 13797 | D:9      | Reached skill level 10 in Spellcasting
 14526 | D:10     | Entered Level 10 of the Dungeon
 14576 | D:10     | Found a flagged portal.
 14594 | Bailey   | Entered a bailey
 15302 | Bailey   | Noticed an orc knight
 15305 | Bailey   | Noticed an orc warlord
 15319 | Bailey   | Noticed an orc knight
 15336 | Bailey   | Killed an orc knight
 15389 | Bailey   | Killed an orc warlord
 15556 | Bailey   | Noticed an orc knight
 15567 | Bailey   | Killed an orc knight
 15568 | Bailey   | Reached skill level 5 in Evocations
 15735 | Bailey   | Killed an orc knight
 16313 | D:10     | Noticed Josephine
 16314 | D:10     | Reached XP level 12. HP: 78/88 MP: 0/0
 16321 | D:10     | Killed Josephine
 16322 | D:10     | Reached skill level 11 in Spellcasting
 16641 | D:10     | Found a staircase to the Lair.
 16858 | D:10     | Found a stormy altar of Qazlal.
 17718 | D:10     | Found a staircase to the Orcish Mines.
 17918 | D:10     | Identified the +2 leather armour of Objectivity {Harm *Slow
                  | +Inv Dex+4 SInv}
 18360 | D:11     | Reached skill level 5 in Dodging
 18986 | D:11     | Reached skill level 10 in Fighting
 19651 | D:12     | Reached skill level 12 in Spellcasting
 19911 | D:12     | Noticed a seven-headed hydra
 19919 | D:12     | Killed a seven-headed hydra
 20152 | D:12     | Reached XP level 13. HP: 78/97 MP: 0/0
 20152 | D:12     | Learned a level 5 spell: Summon Mana Viper
 20286 | D:12     | Noticed Lodul
 20292 | D:12     | Killed Lodul
 20308 | D:12     | Noticed Fannar
 20334 | D:12     | Mangled by Fannar

Illustrated notes

Levels and vault maps discovered:
D:1:      eino_arrival_water_cross, layout_basic, serial_bayou_pond_a
D:2:      layout_loops_corners, hellmonk_ecumenical_altar_arch_garden
D:3:      layout_loops_ring, kennysheep_orc_sif_temple,
          lightli_sewer_entry_pipes
D:4:      layout_basic, kennysheep_little_box, minmay_temple_entry_large_hall,
          uniq_blork_the_orc, uniq_ijyb, uniq_menkaure, uniq_sigmund
D:5:      layout_basic, nicolae_overflow_crystal_walls, uniq_edmund
D:6:      layout_cave_pools, kennysheep_donut, minmay_misc_feat_hallway
D:7:      layout_gridville, serial_shops, shop,
          lightli_ossuary_entry_decrepit_ruins,
          eino_small_chamber_without_monster
D:8:      layout_basic, serial_shops, shop, uniq_maurice, uniq_psyche
D:9:      layout_basic, elyvilon_altar_5, grunt_temple_overflow_open
D:10:     layout_loops_ring, mainiacjoe_overflow_alcove_2,
          grunt_lair_entry_orc_guard_hut, erik_orc_1, serial_rivers,
          chequers_serial_rivers_marsh, chequers_serial_rivers_large_b,
          chequers_serial_rivers_micro_c, chequers_serial_rivers_small_3,
          chequers_serial_rivers_room_a, chequers_serial_rivers_small_b,
          enter_bailey_5, uniq_josephine
D:11:     layout_roguey, bh_walls_and_bars
D:12:     layout_long_grid, uniq_lodul, uniq_fannar
Temple:   minmay_temple_forest_path

Skill      XL: |  1  2  3  4  5  6  7  8  9 10 11 12 |
---------------+-------------------------------------+-----
Spellcasting   | 4 5 6 8 9 10 12 | 12.4
Fighting       | 1 2 3 4 6 7 8 10 | 10.5
Stealth        | 2 3 4 5 |  5.0
Armour         | 3 4 |  4.0
Evocations     | 2 5 |  5.0
Dodging        | 3 5 |  5.0

Action                   |  1- 3 |  4- 6 |  7- 9 | 10-12 | 13-15 || total
-------------------------+-------+-------+-------+-------+-------++-------
Melee: Unarmed           |       |     1 |       |       |       ||     1
       Quarterstaff      |       |       |    24 |    18 |     2 ||    44
       Scimitar          |       |       |       |    58 |     1 ||    59
       Punch             |       |       |       |     1 |       ||     1
 Cast: Magic Dart        |    56 |    94 |   157 |   193 |       ||   500
       Searing Ray       |     3 |    13 |    11 |    31 |       ||    58
       Necrotise         |     1 |       |       |       |       ||     1
       Iskenderun's Myst |       |     8 |    24 |   123 |    10 ||   165
       Fulminant Prism   |       |     3 |    11 |    35 |     1 ||    50
       Poisonous Vapours |       |       |     8 |    83 |     3 ||    94
       Blink             |       |       |     1 |     4 |       ||     5
       Tukima's Dance    |       |       |       |    31 |     4 ||    35
       Irradiate         |       |       |       |     4 |       ||     4
       Summon Mana Viper |       |       |       |       |     1 ||     1
  Use: Scroll            |       |       |    12 |    11 |       ||    23
       Potion            |       |       |       |     7 |       ||     7
 Stab: Sleeping          |       |       |       |     1 |       ||     1
Armor: Robe              |     1 |     1 |     7 |       |       ||     9
       Leather armour    |       |       |     2 |    14 |       ||    16
       Steam dragon scal |       |       |       |    42 |     3 ||    45
Dodge: Dodged            |     2 |    10 |    31 |    95 |     4 ||   142
